 Dungeon Crawl Stone Soup version 0.23-a0-270-gab6feb3 (webtiles) character file.

574 RonnieColeman the Conjurer (level 7, -4/41 HPs)
             Began as an Octopode Conjurer on Sept 30, 2018.
             Was an Initiate of Vehumet.
             Slain by an ice beast (7 damage)
             ... on level 5 of the Dungeon.
             The game lasted 00:13:09 (5063 turns).

RonnieColeman the Conjurer (Octopode Conjurer)      Turns: 5063, Time: 00:13:10

Health: -4/41      AC:  1    Str:  7    XL:     7   Next: 35%
Magic:  7/14       EV: 13    Int: 20    God:    Vehumet [......]
Gold:   250        SH:  4    Dex: 12    Spells: 10/15 levels left

rFire    . . .     SeeInvis .   j - +0 spear (flame)
rCold    . . .     Gourm    .   f - +0 buckler
rNeg     . . .     Faith    .   (helmet restricted)
rPois    .         Spirit   .   (no amulet)
rElec    .         Reflect  .   o - ring of flight
rCorr    .         Harm     .   (no ring)
MR       .....                  (no ring)
Stlth    +++.......             (no ring)
HPRegen  0.13/turn              (no ring)
MPRegen  0.14/turn              (no ring)
                                (no ring)
                                (no ring)

@: no status effects
A: almost no armour, stealthy swim, amphibious, 8 rings, constrict 8, camouflage
1, gelatinous body 1
a: Renounce Religion, Evoke Flight


You were on level 5 of the Dungeon.
You worshipped Vehumet.
Vehumet was noncommittal.
You were not hungry.

You visited 2 branches of the dungeon, and saw 6 of its levels.

You collected 250 gold pieces.

Inventory:

Hand Weapons
 c - a +0 short sword
 j - a +0 spear of flaming (weapon)
 m - a +0 short sword of speed
Armour
 f - a +0 buckler (worn)
Jewellery
 o - a ring of flight (left tentacle)
Wands
 r - a wand of enslavement (16)
Scrolls
 e - 8 scrolls of identify {unknown}
 l - a scroll of amnesia {unknown}
 n - a scroll of enchant weapon {unknown}
 u - a scroll of random uselessness {unknown}
 v - a scroll of teleportation {unknown}
Potions
 a - a potion of heal wounds {unknown}
 d - a potion of brilliance {unknown}
 g - a potion of agility {unknown}
 h - 3 potions of lignification {unknown}
 i - 2 potions of curing {unknown}
 k - a potion of mutation {unknown}
 p - a potion of ambrosia {unknown}
 q - a potion of degeneration {unknown}
 t - a potion of invisibility {unknown}
 w - a potion of haste {unknown}
 x - a potion of magic {unknown}
Comestibles
 b - 10 rations


   Skills:
 + Level 2.0 Polearms
 - Level 2.0 Dodging
 - Level 2.6 Stealth
 * Level 3.8 Shields
 * Level 4.9 Spellcasting
 + Level 5.2 Conjurations


You had 10 spell levels left.
You knew the following spells:

 Your Spells              Type           Power        Failure   Level  Hunger
a - Magic Dart            Conj           ####         1%          1    None
c - Iskenderun's Mystic   Conj           ####....     14%         4    ####...

Your spell library contained the following spells:

 Spells                   Type           Power        Failure   Level  Hunger
 Searing Ray              Conj           ####..       1%          2    #......
 Dazzling Spray           Conj/Hex       ###...       12%         3    ##.....
 Force Lance              Conj/Tloc      ###.....     36%         4    ####...
 Fulminant Prism          Conj/Hex       ###.......   36%         4    ####...


Dungeon Overview and Level Annotations

Branches:
Dungeon (5/15)             Temple (1/1) D:4

Altars:
Cheibriados
Dithmenos
Elyvilon
Fedhas
Gozag
Hepliaklqana
Kikubaaqudgha
Makhleb
Okawaru
Qazlal
Ru
Sif Muna
Trog
Uskayaw
Vehumet
Wu Jian
Xom
Yredelemnul
Zin
The Shining One


Innate Abilities, Weirdness & Mutations

You cannot wear most types of armour.
You are very stealthy in the water. (Stealth+)
You are amphibious.
You can wear up to eight rings at the same time.
You can use your tentacles to constrict eight enemies at once.
Your skin changes colour to match your surroundings (Stealth+).
Your rubbery body absorbs attacks. (AC +1, EV +1)


Message History

You completely miss the ice beast.
The ice beast is severely wounded.
The ice beast hits you. The ice beast freezes you!
You closely miss the ice beast.
You squeeze the ice beast, but do no damage.
The ice beast is severely wounded.
The ice beast hits you.
* * * LOW HITPOINT WARNING * * *
The ice beast freezes you.
* * * LOW HITPOINT WARNING * * *
You see here 10 poisoned needles.
Casting: Magic Dart (safe; 1% risk of failure)
Confirm with . or Enter, or press ? or * to list all spells.
Aiming: Iskenderun's Mystic Blast (safe; 14% risk of failure)
Press: ? - help, Shift-Dir - straight line, f/p - ice beast
Aim: an ice beast (severely wounded)
The orb of energy misses the ice beast.
The ice beast hits you.
* * * LOW HITPOINT WARNING * * *
The ice beast freezes you!
You die...

..........#
#########.# #.# #.#
########### #
#.#######.....(...#
..#
#.##...........##.#
....
#.##...........##.#
..##
#.##...........##.#
....
#.##....@Y.....##.#
..##
#.####..#.#######.#
..# #.......#.# #.#
... #.........###
#.# .
#...........## #.#
#.....8.8.8..#. ..#
#.............. ..#
#...........### ...
#.#..#.............


You could see an ice beast.

Vanquished Creatures
  A centaur (D:3)
  A hound (D:4)
  3 iguanas
  2 orc wizards (D:4)
  3 worker ants
  A worker ant zombie (D:5)
  7 gnolls
  11 adders
  An ooze (D:1)
  A worm (D:2)
  3 leopard geckos
  8 orcs (D:4)
  4 giant cockroaches
  9 goblins
  4 hobgoblins
  5 jackals
  A quokka (D:2)
  8 bats
  6 frilled lizards
  4 kobolds
  6 rats
89 creatures vanquished.

Notes
Turn   | Place    | Note
-------+----------+-------------------------------------------
     0 | D:1      | RonnieColeman the Octopode Conjurer began the quest for the
                  | Orb.
     0 | D:1      | Reached XP level 1. HP: 11/11 MP: 3/3
   123 | D:1      | Reached XP level 2. HP: 13/17 MP: 3/5
   902 | D:1      | Reached XP level 3. HP: 16/21 MP: 7/7
  1440 | D:2      | Found a snail-covered altar of Cheibriados.
  1535 | D:2      | Reached XP level 4. HP: 24/27 MP: 8/8
  1622 | D:2      | Reached skill level 1 in Shields
  2080 | D:2      | Reached XP level 5. HP: 17/31 MP: 3/10
  2685 | D:3      | Found a sacrificial altar of Ru.
  2686 | D:3      | Found a basalt altar of Yredelemnul.
  2689 | D:3      | Found a hazy altar of Hepliaklqana.
  2807 | D:3      | Noticed a centaur
  2831 | D:3      | HP: 1/31 [centaur (5)]
  2832 | D:3      | Killed a centaur
  2832 | D:3      | Reached XP level 6. HP: 1/36 MP: 10/12
  3316 | D:3      | Found a glowing golden altar of the Shining One.
  3405 | D:3      | Found a burning altar of Makhleb.
  3405 | D:3      | Noticed a blizzard demon
  3408 | D:3      | Noticed a hellwing
  3408 | D:3      | Noticed a smoke demon
  3495 | D:3      | Reached skill level 1 in Polearms
  3709 | D:3      | Found a white marble altar of Elyvilon.
  3781 | D:4      | Learned a level 4 spell: Iskenderun's Mystic Blast
  4029 | D:4      | Reached skill level 5 in Conjurations
  4103 | D:4      | Found a staircase to the Ecumenical Temple.
  4117 | Temple   | Entered the Ecumenical Temple
  4156 | Temple   | Became a worshipper of Vehumet
  4379 | D:3      | Reached XP level 7. HP: 15/41 MP: 8/13
  4898 | D:5      | Entered Level 5 of the Dungeon
  4960 | D:5      | Found a hide-covered altar of Uskayaw.
  5063 | D:5      | Slain by an ice beast

Vault maps used:
D:1:      kilobyte_arrival_exit_the_forest
D:2:      kb_forest_paths, nicolae_overflow_crystal_walls
D:3:      tso_oasis_becter, makhleb_altar_promises_db,
          grunt_temple_overflow_open, lemuel_crystal_altar,
          corexii_hall_statues_l
D:4:      temple_doors_cd, first_ration
D:5:      eat_drink_and_be_merry_uskayaw
Temple:   minmay_temple_bridge_abc

Skill      XL: |  1  2  3  4  5  6  7 |
---------------+----------------------+-----
Spellcasting   | 3 4 |  4.9
Shields        | 1 2 3 |  3.8
Polearms       | 1 2 |  2.0
Conjurations   | 5 |  5.2
Dodging        | |  2.0
Stealth        | |  2.6

Action                   |  1- 3 |  4- 6 |  7- 9 || total
-------------------------+-------+-------+-------++-------
Melee: Unarmed           |    24 |       |       ||    24
       Constrict         |    14 |    21 |     3 ||    38
       Tentacles         |    14 |    19 |     2 ||    35
       Dagger            |    37 |       |       ||    37
       Short sword       |     4 |    20 |       ||    24
       Spear             |       |   109 |    13 ||   122
 Cast: Magic Dart        |    20 |    49 |    41 ||   110
       Iskenderun's Myst |       |     3 |     2 ||     5
  Use: Scroll            |     2 |       |       ||     2
 Stab: Sleeping          |    10 |     8 |       ||    18
  Eat: Chunk             |     1 |    10 |     3 ||    14
Armor: Skin              |     8 |    11 |       ||    19
Dodge: Dodged            |    44 |    77 |     4 ||   125
Block: Buckler           |       |    30 |     3 ||    33

Table legend:
 A = Non-vault XP
 B = Vault XP
 C = Vault XP percentage of total XP
 D = Non-vault monster count
 E = Vault monster count
 F = Vault count percentage of total count
                 A         B        C        D         E       F
            +---------+---------+-------+---------+---------+-------
      Total |     796 |      25 |   3.0 |      83 |       6 |   6.7
            +---------+---------+-------+---------+---------+-------
        D:1 |      47 |       0 |   0.0 |      24 |       0 |   0.0
        D:2 |     143 |      25 |  14.9 |      23 |       6 |  20.7
        D:3 |     188 |       0 |   0.0 |       8 |       0 |   0.0
        D:4 |     356 |       0 |   0.0 |      25 |       0 |   0.0
        D:5 |      62 |       0 |   0.0 |       3 |       0 |   0.0
            +---------+---------+-------+---------+---------+-------
